 Dungeon Crawl Stone Soup version 0.29-a0-8-g0446c0dae4 (webtiles) character file.

Game seed: 16367412049789373041

39 robertstho the Gusty (level 3, -2/27 HPs)
             Began as a Demigod Air Elementalist on Jan 27, 2022.
             Slain by a hound (3 damage)
             ... on level 1 of the Dungeon.
             The game lasted 00:04:16 (1302 turns).

robertstho the Gusty (Demigod Air Elementalist)     Turns: 1302, Time: 00:04:16

Health: -2/27      AC:  2    Str:  9    XL:     3   Next: 11%
Magic:  2/9        EV: 12    Int: 21    God:
Gold:   41         SH:  0    Dex: 14    Spells: 0/6 levels left

rFire   . . .      SeeInvis .   d - +2 dagger (flame)
rCold   . . .      Faith    .   (no shield)
rNeg    . . .      Spirit   .   a - +0 robe
rPois   .          Reflect  .   (no helmet)
rElec   .          Harm     .   (no cloak)
rCorr   .          Rampage  .   (no gloves)
Will    .....                   (no boots)
Stlth   ++........              (no amulet)
HPRegen 0.09/turn               (no ring)
MPRegen 0.11/turn               (no ring)

@: attractive
A: high mp 1, forlorn, divine attributes
a: no special abilities


You were on level 1 of the Dungeon.
You visited 1 branch of the dungeon, and saw 2 of its levels.

You collected 41 gold pieces.

Inventory:

Hand Weapons
 d - a +2 dagger of flaming (weapon)
Armour
 a - a +0 robe (worn)
Scrolls
 b - 2 scrolls of magic mapping
Potions
 c - 2 potions of attraction


   Skills:
 * Level 0.6 Fighting
 + Level 1.9 Dodging
 + Level 1.9 Stealth
 * Level 2.3 Spellcasting
 + Level 1.3 Conjurations
 + Level 3.1 Air Magic


You couldn't memorise any spells.
You knew the following spells:

 Your Spells              Type           Power      Damage    Failure   Level
a - Shock                 Conj/Air       44%        1d5       6%          1
b - Static Discharge      Conj/Air       11%        N/A       9%          2
c - Swiftness             Air            15%        N/A       12%         3

Your spell library contained the following spells:

 Spells                   Type           Power      Damage    Failure   Level
 Airstrike                Air            7%         N/A       36%         4


Dungeon Overview and Level Annotations

Branches:
Dungeon (2/15)


Innate Abilities, Weirdness & Mutations

You have an increased reservoir of magic. (+10% MP)
You shall have no god before yourself.
Your divine heritage dramatically boosts your attributes as you level up.


Message History

The hound closely misses you. The hound barely misses you.
The hound closely misses you. The hound misses you.
Aiming: Shock (safe; 6% risk of failure)
Press: ? - help, Q - select action, (/) - cycle Shift-Dir - straight line That beam is likely to hit you.
Continue anyway?
The zap hits the hound.
The hound is moderately wounded.
The zap hits the hound.
The hound is heavily wounded.
The zap hits you. The hound bites you but does no damage.
Aiming: Shock (safe; 6% risk of failure)
Press: ? - help, Q - select action, (/) - cycle Shift-Dir - straight line That beam is likely to hit you.
Continue anyway?
The zap hits the hound.
The hound is heavily wounded.
The zap hits the hound.
The hound is severely wounded.
The zap hits you but does no damage. The hound closely misses you.
The hound bites you.
* * * LOW HITPOINT WARNING * * *
It was a potion of attraction.
You feel attractive to monsters. The hound barely misses you.
Okay, then.
You aren't carrying any pieces of jewellery.
You aren't carrying any items that you can evoke.
Unknown command.
Casting: Shock (safe; 6% risk of failure)
Confirm with . or Enter, or press ? or * to list all spells.
Okay, then.
The hound closely misses you. The hound bites you but does no damage.
The hound misses you. The hound bites you.
* * * LOW HITPOINT WARNING * * *
The hound bites you.
You die...

##
#......##........>........#
#####.......#........##..##
##..>......#.......###...##
#..#.......#.......# #.....
###.##)..............#
##...#
#####...##........########
#...# #......###........#
#.... #......# #......h##
#...# #.....># #......@#
#...# ######## #.......#
##### #.......# #########


You could see a hound.

Vanquished Creatures
  4 ball pythons
  5 endoplasms (D:1)
  2 giant cockroaches (D:1)
  3 goblins (D:1)
  2 hobgoblins (D:1)
  2 jackals (D:1)
  A quokka (D:1)
  5 bats
  A frilled lizard (D:1)
  7 kobolds
  4 rats
36 creatures vanquished.

Vanquished Creatures (others)
  A plant (D:2)
1 creature vanquished.

Grand Total: 37 creatures vanquished

Notes
Turn   | Place    | Note
-------+----------+-------------------------------------------
     0 | D:1      | robertstho the Demigod Air Elementalist began the quest for
                  | the Orb.
     0 | D:1      | Reached XP level 1. HP: 14/14 MP: 5/5
   280 | D:1      | Reached XP level 2. HP: 22/22 MP: 4/7
   455 | D:1      | Reached skill level 3 in Air Magic
   504 | D:1      | Reached skill level 1 in Conjurations
  1099 | D:2      | Reached XP level 3. HP: 16/27 MP: 1/9
  1102 | D:2      | Learned a level 2 spell: Static Discharge
  1106 | D:2      | Learned a level 3 spell: Swiftness
  1300 | D:1      | HP: 1/27 [hound (5)]
  1302 | D:1      | Slain by a hound

Illustrated notes

Levels and vault maps discovered:
D:1:      dpeg_arrival_short_road, layout_rooms
D:2:      layout_rooms, serial_bayou_pond_a, due_unseen_surprise,
          uniq_crazy_yiuf_cottage

Skill      XL: |  1  2 |
---------------+-------+-----
Spellcasting   | 2 |  2.3
Air Magic      | 3 |  3.1
Conjurations   | 1 |  1.3
Fighting       | |  0.6
Dodging        | |  1.9
Stealth        | |  1.9

Action                   || total
-------------------------++-------
Melee: Dagger            ||     8
 Cast: Shock             ||    77
  Use: Scroll            ||     2
       Potion            ||     1
Armor: Robe              ||     5
Dodge: Dodged            ||    25

Table legend: (Time is in decaauts)
 A = Elapsed time spent in this place.
 B = Non-inter-level travel time spent in this place.
 C = Inter-level travel time spent in this place.
 D = Time resting spent in this place.
 E = Time spent auto-exploring this place.
 F = Levels seen in this place.
 G = Mean time per level.
                   A        B        C        D        E       F      G
               +--------+--------+--------+--------+--------+-----+--------+
         Total |   1302 |   1255 |     47 |    103 |    973 |   2 |  651.0 |
       Dungeon |   1302 |   1255 |     47 |    103 |    973 |   2 |  651.0 |
               +--------+--------+--------+--------+--------+-----+--------+

Top non-repeatable levels by time:
     D:1: 1221 daAuts
     D:2: 81 daAuts
